 Dungeon Crawl Stone Soup version 0.19-a0-1834-g6b7851e (webtiles) character file.

1189 dobroeutro the Ruffian (level 8, -9/83 HPs)
             Began as a Troll Berserker on Oct 9, 2016.
             Was an Elder of Trog.
             Mangled by an orc warrior
             ... wielding a +0 scimitar
              (17 damage)
             ... on level 5 of the Dungeon.
             The game lasted 00:06:11 (4016 turns).

dobroeutro the Ruffian (Troll Berserker)            Turns: 4016, Time: 00:06:12

Health: -9/83      AC:  5    Str: 27    XL:     8   Next: 19%
Magic:  7/7        EV: 10    Int:  3    God:    Trog [****..]
Gold:   251        SH:  2    Dex: 10    Spells: 0 memorised, 7 levels left

rFire  + . .     SeeInvis .       - Unarmed
rCold  . . .     Gourm    +     l - +0 robe (curse)
rNeg   . . .     Faith    .     (no shield)
rPois  .         Spirit   .     (helmet restricted)
rElec  .         Dismiss  .     (no cloak)
rCorr  .         Reflect  +     (gloves unavailable)
MR     .....     Harm     .     (boots unavailable)
Stlth  +.........               j - +2 amulet of reflection
                                (no ring)
                                w - ring of protection from fire

@: no status effects
A: unfitting armour, claws 3, fast metabolism 3, gourmand, regeneration 1,
shaggy fur 1, tough skin 2
a: Berserk, Trog's Hand, Brothers in Arms, Burn Spellbooks, Renounce Religion


You were on level 5 of the Dungeon.
You worshipped Trog.
Trog was greatly pleased with you.
You were very hungry.

You visited 1 branch of the dungeon, and saw 5 of its levels.
You also visited: Ossuary.

You collected 251 gold pieces.

Inventory:

Armour
 a - a +0 animal skin
 l - a cursed +0 robe (worn)
Jewellery
 j - a +2 amulet of reflection (around neck)
 w - a ring of protection from fire (left claw)
Wands
 m - a wand of paralysis (6/24)
 s - a wand of iceblast (2/15)
 t - a wand of flame (15/48)
Scrolls
 d - 2 scrolls of enchant armour {unknown}
 f - 4 scrolls of identify {unknown}
 g - a scroll of fog {unknown}
 h - 3 scrolls of magic mapping {unknown}
 i - 6 scrolls of remove curse {unknown}
 k - 2 scrolls of teleportation {unknown}
 n - a scroll of noise {unknown}
 p - 2 scrolls of enchant weapon {unknown}
 q - 4 scrolls of amnesia {unknown}
 r - a scroll of recharging {unknown}
 u - 2 scrolls of immolation {unknown}
 y - a scroll of vulnerability {unknown}
Potions
 e - 4 potions of curing
 v - a potion of might {unknown}
 x - 2 potions of lignification {unknown}
 z - a potion of resistance {unknown}
 A - a potion of magic {unknown}
 B - a potion of heal wounds {unknown}
 C - 3 potions of degeneration {unknown}
 D - a potion of invisibility {unknown}
Comestibles
 b - 6 bread rations
 c - 5 meat rations
 o - 2 fruits
 E - a beef jerky


   Skills:
 + Level 6.2 Fighting
 - Level 2.4 Dodging
 + Level 7.6 Unarmed Combat


You had 7 spell levels left.
You didn't know any spells.

Dungeon Overview and Level Annotations

Branches:
Dungeon (5/15)
 Temple: D:4-7

Altars:

Shops:
D:5 =


Innate Abilities, Weirdness & Mutations

You are too large for most types of armour.
You have claws for hands.
Your metabolism is lightning-fast.
You like to eat raw meat.
Your natural rate of healing is unusually fast.
You are covered in fur. (AC +1)
You have very tough skin. (AC +2)


Message History

You are too injured to fight recklessly!
You are too injured to fight recklessly!
You are too injured to fight recklessly!
You are too injured to fight recklessly!
You are too injured to fight recklessly!
You are too injured to fight recklessly!
You are too injured to fight recklessly!
You are too injured to fight recklessly!
You are too injured to fight recklessly!
You are too injured to fight recklessly!
Unknown command.
You mangle the orc priest!!
You kill the orc priest!
Trog accepts your kill.
The orc warrior hits you with a scimitar!!
* * * LOW HITPOINT WARNING * * *
It was a potion of curing.
You feel better. The orc hits you with a hand axe!
* * * LOW HITPOINT WARNING * * *
The orc warrior hits you with a scimitar!
You die...

#......#.#.#.# ..##.##......#
######### #.##.†.....##########
#.......#
#.##.#.....##.......###.#####.#
............#.....#........##.#
#...................###.##.##.###
###.............[...# #.##.....<.
#...(........)oo..# #.......###
##.........#...@...# ######### #
#...#.....##.......# #
#...##...######.#### #
#...##########.#.# #
##.........##..###......
.........#.##>#.#..#....
..............##.#....... ####
.........#.#.....#....[.. #...
##...#####.#..##.#....... #.##


You could see an orc warrior and an orc.

Vanquished Creatures
  An ogre (D:5)
  2 scorpions (D:4)
  A crimson imp (D:4)
  4 centaur zombies (Ossuary)
  A hound (D:4)
  5 orc priests
  A human zombie (Ossuary)
  6 orc wizards
  Ijyb (D:3)
  2 worker ants
  An ogre zombie (Ossuary)
  A big kobold zombie (Ossuary)
  7 mummies (Ossuary)
  A howler monkey zombie (D:5)
  8 adders
  3 gnolls (D:3)
  A shadow imp (D:5)
  An ooze (D:3)
  5 adder zombies
  3 worms
  A dart slug (D:2)
  4 leopard geckos
  16 orcs
  A ball python (D:1)
  3 giant cockroaches
  A gnoll zombie (Ossuary)
  6 goblins
  5 hobgoblins
  10 jackals
  4 quokkas
  7 bats
  6 frilled lizards
  A goblin zombie (Ossuary)
  5 hobgoblin zombies (Ossuary)
  4 kobolds
  2 kobold zombies (Ossuary)
  A quokka skeleton (D:4)
  8 quokka zombies (Ossuary)
  11 rats
  2 rat zombies (Ossuary)
153 creatures vanquished.

Notes
Turn   | Place    | Note
-------+----------+-------------------------------------------
     0 | D:1      | dobroeutro the Troll Berserker began the quest for the Orb.
     0 | D:1      | Reached XP level 1. HP: 22/22 MP: 0/0
    17 | D:1      | Reached XP level 2. HP: 17/29 MP: 1/1
   307 | D:1      | Reached ** piety under Trog
   323 | D:1      | Reached XP level 3. HP: 37/37 MP: 2/2
   599 | D:2      | Reached skill level 4 in Unarmed Combat
   608 | D:2      | Reached XP level 4. HP: 41/45 MP: 3/3
  1490 | D:3      | Reached XP level 5. HP: 34/54 MP: 4/4
  1552 | D:3      | Noticed Ijyb
  1553 | D:3      | Paralysed by Ijyb for 6 turns
  1562 | D:3      | Killed Ijyb
  1641 | D:3      | Reached skill level 5 in Unarmed Combat
  1715 | D:3      | Reached *** piety under Trog
  1865 | D:3      | Reached XP level 6. HP: 43/62 MP: 5/5
  2242 | D:4      | Reached skill level 6 in Unarmed Combat
  2334 | D:4      | Reached XP level 7. HP: 46/71 MP: 6/6
  2391 | D:4      | Reached skill level 5 in Fighting
  3169 | D:5      | Entered Level 5 of the Dungeon
  3364 | D:5      | Found Noguqiwn's Jewellery Shop.
  3396 | D:5      | Found a sand-covered staircase.
  3410 | Ossuary  | Entered an ossuary
  3462 | Ossuary  | Reached **** piety under Trog
  3493 | Ossuary  | Reached skill level 7 in Unarmed Combat
  3555 | Ossuary  | Reached XP level 8. HP: 50/83 MP: 7/7
  4016 | D:5      | Mangled by an orc warrior

Vault maps used:
D:1:      lightli_arrival_chessboard
D:3:      uniq_iyjb
D:4:      first_bread
D:5:      enter_ossuary_1, serial_shops, nicolae_shop_statue_plus
Ossuary:  ossuary_boxes_badplayer

Skill      XL: |  1  2  3  4  5  6  7  8 |
---------------+-------------------------+-----
Fighting       | 3 4 5 6 |  6.2
Unarmed Combat | 4 5 6 7 |  7.6
Dodging        | |  2.4

Action                   |  1- 3 |  4- 6 |  7- 9 || total
-------------------------+-------+-------+-------++-------
Melee: Unarmed           |    74 |   178 |   191 ||   443
       Punch             |       |     1 |     5 ||     6
  Use: Potion            |       |       |     1 ||     1
 Stab: Sleeping          |       |       |     1 ||     1
  Eat: Chunk             |    10 |    16 |     7 ||    33
Armor: Animal skin       |    25 |     6 |       ||    31
       Robe              |       |    25 |    45 ||    70
Dodge: Dodged            |    39 |    88 |    63 ||   190
Block: Other             |       |     7 |     4 ||    11
